 Dungeon Crawl Stone Soup version 0.27-a0-1278-g6cbc8dfb29 (webtiles) character file.

Game seed: 13514521476848148143

16 fartbutt the Skirmisher (level 2, 0/26 HPs)
             Began as a Draconian Fighter on June 12, 2021.
             Hit by a stone thrown by a kobold (1 damage)
             ... on level 1 of the Dungeon.
             The game lasted 00:00:52 (336 turns).

fartbutt the Skirmisher (Draconian Fighter)          Turns: 336, Time: 00:00:53

Health: 0/26       AC:  4    Str: 18    XL:     2   Next: 37%
Magic:  2/2        EV: 10    Int:  8    God:
Gold:   35         SH:  9    Dex: 10    Spells: 1/1 levels left

rFire    . . .     SeeInvis .   a - +0 war axe
rCold    . . .     Faith    .   b - +0 kite shield
rNeg     . . .     Spirit   .   (armour unavailable)
rPois    .         Reflect  .   (helmet restricted)
rElec    .         Harm     .   (no cloak)
rCorr    .         Rampage  .   (no gloves)
Will     .....                  (no boots)
Stlth    +.........             (no amulet)
HPRegen  0.08/turn              (no ring)
MPRegen  0.08/turn              (no ring)

@: mighty
A: AC +4, unfitting armour, cold-blooded
a: no special abilities


You were on level 1 of the Dungeon.
You visited 1 branch of the dungeon, and saw 1 of its levels.

You collected 35 gold pieces.

Inventory:

Hand Weapons
 a - a +0 war axe (weapon)
Armour
 b - a +0 kite shield (worn)
Scrolls
 e - a scroll of acquirement {unknown}
 f - a scroll of fog {unknown}
Potions
 d - a potion of heal wounds {unknown}
 g - a potion of mutation {unknown}


   Skills:
 + Level 3.5 Fighting
 + Level 2.1 Axes
 + Level 3.0 Dodging
 + Level 3.2 Shields


You had one spell level left.
You didn't know any spells.
Your spell library was empty.

Dungeon Overview and Level Annotations

Branches:
Dungeon (1/15)

Altars:


Innate Abilities, Weirdness & Mutations

Your plain brown scales are hard. (AC +4)
You cannot fit into any form of body armour.
You are cold-blooded and may be slowed by cold attacks.


Message History

You block the goblin's attack. The gnoll hits you with a +0 club!
The goblin hits you but does no damage. The gnoll hits you with a +0 club.
* * * LOW HITPOINT WARNING * * *
You slash the gnoll!
You kill the gnoll!
You miss the goblin. You block the goblin's attack. x2
The kobold barely misses you.
You have reached level 2!
You closely miss the kobold. You closely miss the goblin.
The goblin hits you with a +0 dagger.
* * * LOW HITPOINT WARNING * * *
The kobold barely misses you.
You hit the kobold but do no damage.
You tail-slap the kobold, but do no damage.
You hit the goblin but do no damage. You block the goblin's attack.
You block the kobold's attack. The goblin hits you with a +0 dagger.
* * * LOW HITPOINT WARNING * * *
The kobold barely misses you.
Okay, then.
You feel very mighty all of a sudden. You block the goblin's attack.
Unknown command.
You hit the goblin.
The goblin is severely wounded.
You block the goblin's attack.
You slash the goblin!
You kill the goblin!
Your Dodging skill increases to level 3!
Number of times to repeat, then command key: You must enter the number of times for the command to repeat.
You start resting.
A kobold is nearby!
A kobold is nearby!
A kobold is nearby!
A kobold is nearby!
A kobold is nearby!
A kobold is nearby!
A kobold is nearby!
The kobold throws a stone.
The stone hits you.
You die...

#...............#
#..♣.♣##.........# .
#.# #.......... ..
##♣#♣.♣ #>..♣♣♣♣♣♣.
...# ##.. ..#
#........ . ..... #..♣
♣.♣ #...♣♣♣♣♣♣
......#..# #.#
#.........
......K).##♣.♣
##.......##
.....#.#.@##.#
#......##. ...
#..##....####.#######.
. ♣.♣ ♣#♣..........#
#♣ ..........###..#.#
♣ .♣.....♣.#.####.#.#
##♣
........#.#...##.).#
#.♣ ..
♣.....♣...#...#..###.♣
.....#..............♣
.♣.♣.♣#.#####....###.


You could see a kobold.

Vanquished Creatures
  A gnoll (D:1)
  2 goblins (D:1)
  A hobgoblin (D:1)
  A ball python (D:1)
  2 rats (D:1)
7 creatures vanquished.

Notes
Turn   | Place    | Note
-------+----------+-------------------------------------------
     0 | D:1      | fartbutt the Draconian Fighter began the quest for the Orb.
     0 | D:1      | Reached XP level 1. HP: 19/19 MP: 1/1
   328 | D:1      | Reached XP level 2. HP: 5/26 MP: 2/2
   329 | D:1      | HP: 1/26 [goblin (3)]
   336 | D:1      | Hit by a stone thrown by a kobold

Illustrated notes

Levels and vault maps discovered:
D:1:      tarquinn_simple_flora_water_f, layout_rooms, serial_forest,
          infiniplex_forest_straight_2, infiniplex_forest_lined_room_2,
          infiniplex_forest_straight_2, infiniplex_forest_lined_3_way,
          infiniplex_forest_clump_diagonal

Skill      XL: |  1  2 |
---------------+-------+-----
Dodging        | 3 |  3.0
Fighting       | |  3.5
Axes           | |  2.1
Shields        | |  3.2

Action                   || total
-------------------------++-------
Melee: War axe           ||    17
       Tailslap          ||     5
  Use: Potion            ||     1
Armor: Skin              ||     6
Dodge: Dodged            ||     7
Block: Kite shield       ||    12

Table legend: (Time is in decaauts)
 A = Elapsed time spent in this place.
 B = Non-inter-level travel time spent in this place.
 C = Inter-level travel time spent in this place.
 D = Time resting spent in this place.
 E = Time spent auto-exploring this place.
 F = Levels seen in this place.
 G = Mean time per level.
                   A        B        C        D        E       F      G
               +--------+--------+--------+--------+--------+-----+--------+
         Total |    347 |    347 |      0 |      2 |    281 |   1 |  347.0 |
       Dungeon |    347 |    347 |      0 |      2 |    281 |   1 |  347.0 |
               +--------+--------+--------+--------+--------+-----+--------+

Top non-repeatable levels by time:
     D:1: 347 daAuts
